| TOP OF THE 1ST |
|
Auburn Doubledays batting - Pitching for State College Spikes : RHP Kohsuke Naito
|
|
Pitching: RHP Kohsuke Naito
|
|
|
Batting: SHB Dan Castaneda
|
0-0: Ball 1-0: Ball 2-0: SINGLE (Groundball, 6S, EV 66.9 MPH) (infield hit)
|
|
Batting: RHB Travis Stanley
|
0-0: Ball Dan Castaneda steals 2nd base 1-0: Called Strike 1-1: Foul Ball, location: 2F 1-2: Strikes out swinging
|
|
Batting: LHB John Luke
|
0-0: Called Strike 0-1: SINGLE (Groundball, 6S, EV 66.9 MPH) (infield hit) Dan Castaneda to third
|
|
Batting: RHB Slavik Nebrodov
|
0-0: Called Strike 0-1: Swinging Strike 0-2: Ball 1-2: Ball 2-2: Fly out, F8 (Flyball, 89D, EV 97.5 MPH) Runner from 3rd tags up, SCORES, no throw by CF
|
|
Batting: LHB Elias Posada
|
0-0: Reached on error, E6 (Flyball, 56D, EV 82.5 MPH) John Luke to second
|
|
Batting: RHB Ryan Hiemer
|
0-0: SINGLE (Groundball, 56D, EV 98.1 MPH) John Luke to third Elias Posada to second Runner from 3rd tries for Home, SAFE, throw by LF to home
|
|
Batting: RHB Jeff Page
|
0-0: Called Strike 0-1: Fly out, F8 (Flyball, 8RM, EV 80.6 MPH)
|
| Top of the 1st over - 2 runs, 3 hits, 1 error, 2 left on base; Auburn 2 - State College 0 |
| BOTTOM OF THE 1ST |
|
State College Spikes batting - Pitching for Auburn Doubledays : LHP Harry Osborne
|
|
Pitching: LHP Harry Osborne
|
|
|
Batting: RHB Mark Cahill
|
0-0: Ball 1-0: Ball 2-0: Called Strike 2-1: Foul Ball, location: 2F 2-2: Ball 3-2: DOUBLE (Line Drive, 89D, EV 106.2 MPH)
|
|
Batting: RHB Francisco Vargas
|
0-0: Ball 1-0: Ball 2-0: Foul Ball, location: 2F 2-1: Called Strike 2-2: Ground out 6-3 (Groundball, 6, EV 87.5 MPH) Mark Cahill to third
|
|
Batting: RHB Mark Marks
|
0-0: Ball Wild Pitch! Mark Cahill scores 1-0: Ball 2-0: Ball 3-0: Called Strike 3-1: Foul Ball, location: 2F 3-2: Fly out, F9 (Line Drive, 9, EV 98.8 MPH)
|
|
Batting: RHB Melvin Enriquez
|
0-0: DOUBLE (Groundball, 5L, EV 102.5 MPH)
|
|
Batting: SHB Jason Kirby
|
0-0: Ball 1-0: Called Strike 1-1: Ball 2-1: Reached on error, E6 (Groundball, 6, EV 89.4 MPH) Melvin Enriquez to third
|
|
Batting: RHB Chris LaReau
|
0-0: Ball 1-0: Ball 2-0: Called Strike 2-1: Ball 3-1: Base on Balls Jason Kirby to second
|
|
Batting: RHB John Gibbs
|
0-0: Called Strike 0-1: Ball 1-1: Foul Ball, location: 2F 1-2: Ball 2-2: Foul Ball, location: 2F 2-2: SINGLE (Groundball, 6MS, EV 69.4 MPH) (infield hit) Melvin Enriquez scores Jason Kirby to third Chris LaReau to second
|
|
Batting: LHB Dustin Horsley
|
0-0: Called Strike 0-1: Called Strike 0-2: Ball 1-2: Strikes out swinging
|
| Bottom of the 1st over - 2 runs, 3 hits, 1 error, 3 left on base; Auburn 2 - State College 2 |
| TOP OF THE 2ND |
|
Auburn Doubledays batting - Pitching for State College Spikes : RHP Kohsuke Naito
|
|
Batting: RHB Bryan Ernst
|
0-0: Swinging Strike 0-1: Foul Ball, location: 2F 0-2: Ball 1-2: Strikes out looking
|
|
Batting: RHB Jon Hill
|
0-0: Hit by Pitch
|
|
Batting: SHB Dan Castaneda
|
0-0: Fly out, F9 (Flyball, 9LM, EV 82.5 MPH)
|
|
Batting: RHB Travis Stanley
|
0-0: Ball 1-0: Foul Ball, location: 2F 1-1: Swinging Strike 1-2: Strikes out looking
|
| Top of the 2nd over - 0 runs, 0 hits, 0 errors, 1 left on base; Auburn 2 - State College 2 |
| BOTTOM OF THE 2ND |
|
State College Spikes batting - Pitching for Auburn Doubledays : LHP Harry Osborne
|
|
Batting: RHB Ray Souza
|
0-0: Ball 1-0: Ball 2-0: Ball 3-0: Called Strike 3-1: Foul Ball, location: 2F 3-2: Ground out 1-3 (Groundball, 13, EV 72.5 MPH)
|
|
Batting: RHB Mark Cahill
|
0-0: Called Strike 0-1: Ball 1-1: Ball 2-1: Ball 3-1: SINGLE (Line Drive, 8LS, EV 96.2 MPH)
|
|
Batting: RHB Francisco Vargas
|
0-0: Ball 1-0: Ball Mark Cahill steals 2nd base 2-0: Called Strike 2-1: Ball Mark Cahill steals 3rd base 3-1: Base on Balls
|
|
Batting: RHB Mark Marks
|
0-0: Called Strike 0-1: Foul Ball, location: 2F 0-2: Ball 1-2: Foul Ball, location: 2F 1-2: Ball 2-2: Foul Ball, location: 2F 2-2: Ball Wild Pitch! Mark Cahill scores Francisco Vargas to second 3-2: Ground out 6-3 (Groundball, 6, EV 82.5 MPH)
|
|
Batting: RHB Melvin Enriquez
|
0-0: SINGLE (Groundball, 56, EV 108.8 MPH) Francisco Vargas to third Runner from 3rd tries for Home, SAFE, throw by LF to home Melvin Enriquez to second
|
|
Batting: SHB Jason Kirby
|
0-0: Ball 1-0: Ball 2-0: Swinging Strike 2-1: Called Strike 2-2: Ball 3-2: Base on Balls
|
|
Batting: RHB Chris LaReau
|
0-0: Ball 1-0: Ground out 4-3 (Groundball, 4, EV 89.4 MPH)
|
| Bottom of the 2nd over - 2 runs, 2 hits, 0 errors, 2 left on base; Auburn 2 - State College 4 |
| TOP OF THE 3RD |
|
Auburn Doubledays batting - Pitching for State College Spikes : RHP Kohsuke Naito
|
|
Batting: LHB John Luke
|
0-0: Called Strike 0-1: Swinging Strike 0-2: Ball 1-2: Foul Ball, location: 2F 1-2: Strikes out swinging
|
|
Batting: RHB Slavik Nebrodov
|
0-0: Ball 1-0: Ball 2-0: Ball 3-0: Base on Balls
|
|
Batting: LHB Elias Posada
|
0-0: Ground out 4-3 (Groundball, 4M, EV 111.2 MPH) Slavik Nebrodov to second
|
|
Batting: RHB Ryan Hiemer
|
0-0: Ball 1-0: Swinging Strike 1-1: Ball 2-1: Foul Ball, location: 2F 2-2: Strikes out swinging
|
| Top of the 3rd over - 0 runs, 0 hits, 0 errors, 1 left on base; Auburn 2 - State College 4 |
| BOTTOM OF THE 3RD |
|
State College Spikes batting - Pitching for Auburn Doubledays : LHP Harry Osborne
|
|
Batting: RHB John Gibbs
|
0-0: Foul Ball, location: 2F 0-1: Called Strike 0-2: Ground out 6-3 (Groundball, 6, EV 84.4 MPH)
|
|
Batting: LHB Dustin Horsley
|
0-0: Ball 1-0: DOUBLE (Line Drive, 7LM, EV 105.0 MPH)
|
|
Batting: RHB Ray Souza
|
0-0: Ball 1-0: Called Strike 1-1: Ground out 5-3 (Groundball, 56, EV 100.6 MPH)
|
|
Batting: RHB Mark Cahill
|
0-0: Ball 1-0: Ball 2-0: Ball 3-0: Base on Balls
|
|
Batting: RHB Francisco Vargas
|
0-0: Ball 1-0: Ball 2-0: Ball Wild Pitch! Dustin Horsley to third Mark Cahill to second 3-0: Base on Balls
|
|
Batting: RHB Mark Marks
|
0-0: Foul Ball, location: 2F 0-1: Ball 1-1: SINGLE (Groundball, 6MD, EV 96.2 MPH) Dustin Horsley scores Mark Cahill to third Francisco Vargas to second Runner from 3rd tries for Home, SAFE, throw by CF to home Francisco Vargas to third Mark Marks to second
|
|
Pitching: RHP Luis Galvez
|
|
|
Batting: RHB Melvin Enriquez
|
0-0: Ball 1-0: Foul Ball, location: 2F 1-1: Called Strike 1-2: Foul Ball, location: 2F 1-2: Strikes out swinging
|
| Bottom of the 3rd over - 2 runs, 2 hits, 0 errors, 2 left on base; Auburn 2 - State College 6 |
| TOP OF THE 4TH |
|
Auburn Doubledays batting - Pitching for State College Spikes : RHP Kohsuke Naito
|
|
Batting: RHB Jeff Page
|
0-0: Swinging Strike 0-1: Ball 1-1: Swinging Strike 1-2: Ball 2-2: SINGLE (Flyball, 8RS, EV 94.4 MPH)
|
|
Batting: RHB Bryan Ernst
|
0-0: Fly out, F8 (Flyball, 8RM, EV 93.1 MPH)
|
|
Batting: RHB Jon Hill
|
0-0: Called Strike Jeff Page steals 2nd base 0-1: Foul Ball, location: 2F 0-2: Ball Wild Pitch! Jeff Page to third 1-2: Foul Ball, location: 2F 1-2: Ball 2-2: Strikes out swinging
|
|
Batting: SHB Dan Castaneda
|
0-0: Ball 1-0: Swinging Strike 1-1: Called Strike 1-2: Ball 2-2: Strikes out swinging
|
| Top of the 4th over - 0 runs, 1 hit, 0 errors, 1 left on base; Auburn 2 - State College 6 |
| BOTTOM OF THE 4TH |
|
State College Spikes batting - Pitching for Auburn Doubledays : RHP Luis Galvez
|
|
Batting: SHB Jason Kirby
|
0-0: Foul Ball, location: 2F 0-1: Swinging Strike 0-2: Ball 1-2: Foul Ball, location: 2F 1-2: Strikes out swinging
|
|
Batting: RHB Chris LaReau
|
0-0: Called Strike 0-1: Ball 1-1: Called Strike 1-2: Fly out, F7 (Flyball, 78M, EV 83.1 MPH)
|
|
Batting: RHB John Gibbs
|
0-0: Ball 1-0: Ball 2-0: Fly out, F8 (Flyball, 89M, EV 84.4 MPH)
|
| Bottom of the 4th over - 0 runs, 0 hits, 0 errors, 0 left on base; Auburn 2 - State College 6 |
| TOP OF THE 5TH |
|
Auburn Doubledays batting - Pitching for State College Spikes : RHP Kohsuke Naito
|
|
Batting: RHB Travis Stanley
|
0-0: Swinging Strike 0-1: Fly out, F9 (Flyball, 9LS, EV 80.0 MPH)
|
|
Batting: LHB John Luke
|
0-0: Ball 1-0: Called Strike 1-1: Foul Ball, location: 2F 1-2: Ball 2-2: Ball 3-2: SINGLE (Line Drive, 34D, EV 106.9 MPH)
|
|
Batting: RHB Slavik Nebrodov
|
0-0: Foul Ball, location: 2F 0-1: Ball 1-1: Ball 2-1: Ball 3-1: Base on Balls John Luke to second
|
|
Batting: LHB Elias Posada
|
0-0: Ball 1-0: Swinging Strike 1-1: Fielders Choice at 2nd, 4-6 (Groundball, 34D, EV 79.4 MPH) John Luke to third
|
|
Batting: RHB Ryan Hiemer
|
0-0: Ball 1-0: Called Strike 1-1: Called Strike 1-2: Foul Ball, location: 2F 1-2: Ball 2-2: Foul Ball, location: 2F 2-2: Foul Ball, location: 2F 2-2: Foul Ball, location: 2F 2-2: Foul Ball, location: 2F 2-2: SINGLE (Groundball, 6D, EV 100.6 MPH) John Luke scores Elias Posada to second Elias Posada to third
|
|
Pitching: LHP Sean Cerna
|
|
|
Batting: RHB Jeff Page
|
0-0: Called Strike 0-1: Ground out 6-3 (Groundball, 56, EV 103.8 MPH)
|
| Top of the 5th over - 1 run, 2 hits, 0 errors, 2 left on base; Auburn 3 - State College 6 |
| BOTTOM OF THE 5TH |
|
State College Spikes batting - Pitching for Auburn Doubledays : RHP Luis Galvez
|
|
Batting: LHB Dustin Horsley
|
0-0: Foul Ball, location: 2F 0-1: Ball 1-1: Called Strike 1-2: Ball 2-2: Fly out, F9 (Line Drive, 9, EV 90.6 MPH)
|
|
Batting: RHB Ray Souza
|
0-0: Fly out, F9 (Flyball, 9, EV 96.2 MPH)
|
|
Batting: RHB Mark Cahill
|
0-0: Ball 1-0: Ball 2-0: Foul Ball, location: 2F 2-1: Foul Ball, location: 2F 2-2: Ground out 5-3 (Groundball, 56, EV 102.5 MPH)
|
| Bottom of the 5th over - 0 runs, 0 hits, 0 errors, 0 left on base; Auburn 3 - State College 6 |
| TOP OF THE 6TH |
|
Auburn Doubledays batting - Pitching for State College Spikes : LHP Sean Cerna
|
|
Batting: RHB Bryan Ernst
|
0-0: Called Strike 0-1: Ball 1-1: Ball 2-1: Swinging Strike 2-2: Foul Ball, location: 2F 2-2: Fly out, F9 (Flyball, 9, EV 75.6 MPH)
|
|
Batting: RHB Jon Hill
|
0-0: Called Strike 0-1: Ball 1-1: Called Strike 1-2: Strikes out swinging
|
|
Batting: SHB Dan Castaneda
|
0-0: Ball 1-0: Called Strike 1-1: Ground out 4-3 (Groundball, 4, EV 82.5 MPH)
|
| Top of the 6th over - 0 runs, 0 hits, 0 errors, 0 left on base; Auburn 3 - State College 6 |
| BOTTOM OF THE 6TH |
|
State College Spikes batting - Pitching for Auburn Doubledays : RHP Luis Galvez
|
|
Batting: RHB Francisco Vargas
|
0-0: Called Strike 0-1: Foul Ball, location: 2F 0-2: Ball 1-2: Foul Ball, location: 2F 1-2: Ball 2-2: Ball 3-2: Strikes out swinging
|
|
Pitching: RHP Steve Barnes
|
|
|
Batting: RHB Mark Marks
|
0-0: Called Strike 0-1: Foul Ball, location: 2F 0-2: Ball 1-2: Foul Ball, location: 2F 1-2: Foul Ball, location: 2F 1-2: DOUBLE (Groundball, 5L, EV 110.0 MPH)
|
|
Batting: RHB Melvin Enriquez
|
0-0: Called Strike 0-1: Called Strike 0-2: Ball 1-2: Strikes out looking
|
|
Batting: SHB Jason Kirby
|
0-0: SINGLE (Groundball, 4MD, EV 103.1 MPH) Mark Marks to third Runner from 3rd tries for Home, SAFE, throw by CF to home
|
|
Batting: RHB Chris LaReau
|
0-0: Ball 1-0: Called Strike 1-1: Ball 2-1: Ball 3-1: Base on Balls Jason Kirby to second
|
|
Batting: RHB John Gibbs
|
0-0: Called Strike 0-1: Ball 1-1: Swinging Strike 1-2: SINGLE (Groundball, 6MD, EV 100.6 MPH) Jason Kirby to third Chris LaReau to second
|
|
Batting: LHB Dustin Horsley
|
0-0: Called Strike 0-1: DOUBLE (Line Drive, 78XD, EV 110.0 MPH) Jason Kirby scores Chris LaReau scores John Gibbs to third
|
|
Batting: RHB Ray Souza
|
0-0: Called Strike 0-1: Foul Ball, location: 2F 0-2: Ground out 6-3 (Groundball, 6, EV 98.1 MPH)
|
| Bottom of the 6th over - 3 runs, 4 hits, 0 errors, 2 left on base; Auburn 3 - State College 9 |
| TOP OF THE 7TH |
|
Auburn Doubledays batting - Pitching for State College Spikes : LHP Sean Cerna
|
|
Batting: RHB Travis Stanley
|
0-0: Ball 1-0: Called Strike 1-1: Foul Ball, location: 2F 1-2: Foul Ball, location: 2F 1-2: Foul Ball, location: 2F 1-2: Strikes out swinging
|
|
Batting: LHB John Luke
|
0-0: Swinging Strike 0-1: Foul Ball, location: 2F 0-2: Ball 1-2: Strikes out swinging
|
|
Batting: RHB Slavik Nebrodov
|
0-0: SINGLE (Flyball, 4D, EV 90.6 MPH)
|
|
Batting: LHB Elias Posada
|
0-0: Ball 1-0: Called Strike 1-1: Ball 2-1: Ball 3-1: Reached on error, E5 (Groundball, 56, EV 84.4 MPH) Slavik Nebrodov to second
|
|
Batting: RHB Ryan Hiemer
|
0-0: Ball Wild Pitch! Slavik Nebrodov to third Elias Posada to second 1-0: Swinging Strike 1-1: Ball 2-1: Called Strike 2-2: Strikes out swinging
|
| Top of the 7th over - 0 runs, 1 hit, 1 error, 2 left on base; Auburn 3 - State College 9 |
| BOTTOM OF THE 7TH |
|
State College Spikes batting - Pitching for Auburn Doubledays : RHP Steve Barnes
|
|
Batting: RHB Mark Cahill
|
0-0: Called Strike 0-1: Ground out 1-3 (Groundball, 15S, EV 63.8 MPH)
|
|
Batting: RHB Francisco Vargas
|
0-0: Called Strike 0-1: Foul Ball, location: 2F 0-2: Fly out, F8 (Flyball, 8LM, EV 75.6 MPH)
|
|
Batting: RHB Mark Marks
|
0-0: Ball 1-0: Ground out 6-3 (Groundball, 6, EV 80.6 MPH)
|
| Bottom of the 7th over - 0 runs, 0 hits, 0 errors, 0 left on base; Auburn 3 - State College 9 |
| TOP OF THE 8TH |
|
Auburn Doubledays batting - Pitching for State College Spikes : LHP Sean Cerna
|
|
Batting: RHB Jeff Page
|
0-0: TRIPLE (Flyball, 89XD, EV 106.2 MPH)
|
|
Batting: RHB Bryan Ernst
|
0-0: Ball 1-0: Ball 2-0: Ball 3-0: Called Strike 3-1: Foul Ball, location: 2F 3-2: Fly out, F6 (Line Drive, 6, EV 66.2 MPH)
|
|
Batting: RHB Jon Hill
|
0-0: Ball 1-0: Ball 2-0: Called Strike 2-1: Fly out, F4 (Flyball, 34D, EV 91.9 MPH)
|
|
Batting: SHB Dan Castaneda
|
0-0: Foul Ball, location: 2F 0-1: Foul Ball, location: 2F 0-2: Foul Ball, location: 2F 0-2: Ball 1-2: Ground out 4-3 (Groundball, 4MD, EV 90.0 MPH)
|
| Top of the 8th over - 0 runs, 1 hit, 0 errors, 1 left on base; Auburn 3 - State College 9 |
| BOTTOM OF THE 8TH |
|
State College Spikes batting - Pitching for Auburn Doubledays : RHP Steve Barnes
|
|
Batting: RHB Melvin Enriquez
|
0-0: Ball 1-0: Ground out 5-3 (Groundball, 5S, EV 80.0 MPH)
|
|
Now at 3B: David Rojas
|
|
|
Batting: SHB Jason Kirby
|
0-0: Ball 1-0: Foul Ball, location: 2F 1-1: Ball 2-1: Fly out, F6 (Popup, 6, EV 61.2 MPH)
|
|
Batting: RHB Chris LaReau
|
0-0: Ball 1-0: Ball 2-0: Foul Ball, location: 2F 2-1: Foul Ball, location: 2F 2-2: Foul Ball, location: 2F 2-2: SINGLE (Groundball, 4D, EV 103.8 MPH)
|
|
Batting: RHB John Gibbs
|
0-0: SINGLE (Groundball, 56D, EV 104.4 MPH) Chris LaReau to second
|
|
Batting: LHB Dustin Horsley
|
0-0: Foul Ball, location: 2F 0-1: Ball 1-1: Ball 2-1: Ball Wild Pitch! Chris LaReau to third John Gibbs to second 3-1: Swinging Strike 3-2: 3-RUN HOME RUN (Flyball, 89XD, EV 100.6 MPH), Distance : 399 ft
|
|
Pitching: LHP Juan Bonet
|
|
|
Batting: RHB Ray Souza
|
0-0: Ball 1-0: Ball 2-0: Ground out 3-1 (Groundball, 34, EV 101.2 MPH)
|
| Bottom of the 8th over - 3 runs, 3 hits, 0 errors, 0 left on base; Auburn 3 - State College 12 |
| TOP OF THE 9TH |
|
Auburn Doubledays batting - Pitching for State College Spikes : LHP Sean Cerna
|
|
Batting: RHB Travis Stanley
|
0-0: SOLO HOME RUN (Flyball, 7LD, EV 93.8 MPH), Distance : 341 ft
|
|
Pitching: RHP Bryan Vandenburgh
|
|
|
Batting: RHB Joe Young
|
0-0: Ball 1-0: Called Strike 1-1: Fly out, F7 (Line Drive, 7, EV 83.8 MPH)
|
|
Batting: RHB Slavik Nebrodov
|
0-0: Swinging Strike 0-1: Ball 1-1: Ball 2-1: Swinging Strike 2-2: Strikes out swinging
|
|
Batting: LHB Elias Posada
|
0-0: Ball 1-0: Ball 2-0: Ball 3-0: Called Strike 3-1: Fly out, F7 (Line Drive, 7LM, EV 104.4 MPH)
|
| Top of the 9th over - 1 run, 1 hit, 0 errors, 0 left on base; Auburn 4 - State College 12 |
|